 Dungeon Crawl Stone Soup version 0.31-a0-174-g85c54bcb58 (webtiles) character file.

Game seed: 8162033530694681120

228 qw the Shooter (level 6, -1/56 HPs)
             Began as a Naga Hunter on June 15, 2023.
             Was an Initiate of Okawaru.
             Slain by a goblin
             ... wielding a +0 club
             ... led by Robin
              (2 damage)
             ... on level 4 of the Dungeon.
             The game lasted 00:01:08 (3586 turns).

qw the Shooter (Naga Hunter)                        Turns: 3586, Time: 00:01:09

Health: -1/56      AC:  4    Str: 13    XL:     6   Next: 2%
Magic:  6/6        EV: 10    Int: 10    God:    Okawaru [......]
Gold:   170        SH:  0    Dex: 16    Spells: 5/5 levels left

rFire   . . .        Y - +1 shortbow
rCold   . . .        (shield currently unavailable)
rNeg    . . .        g - +0 robe of Valour {rElec}
rPois   +            b - +0 helmet
rElec   +            f - scarf {repulsion}
rCorr   .            (no gloves)
SInv    +            (no barding)
Will    .....        h - amulet of faith
Stlth   ++           (no ring)
HPRegen 0.29/turn    (no ring)
MPRegen 0.10/turn

%: repel missiles, faith
@: short of breath, very slow
A: AC +2, large, see invisible, deformed body, poison resistance, slowness 2,
spit poison 1, naga tail 1
a: Spit Poison, Renounce Religion


You were on level 4 of the Dungeon.
You worshipped Okawaru.
Okawaru was noncommittal.
You visited 2 branches of the dungeon, and saw 5 of its levels.

You collected 170 gold pieces.


Innate Abilities, Weirdness & Mutations

Your serpentine skin is tough. (AC +2)
You have supernaturally acute eyesight. (SInv)
Armour fits poorly on your strangely shaped body.
Your system is resistant to poisons. (rPois)
You cover ground very slowly.
You can spit poison.
You have a snake-like lower body.


   Skills:
 + Level 3.2 Fighting
 - Level 6.0 Ranged Weapons
 - Level 1.5 Dodging
 - Level 1.5 Stealth


You had 5 spell levels left.
You didn't know any spells.
Your spell library was empty.

Inventory:

Hand Weapons
 Y - a +1 shortbow (weapon)
Armour
 b - a +0 helmet (worn)
 c - a +0 leather armour
 f - a scarf of repulsion (worn)
 g - the +0 robe of Valour (worn) {rElec}
   (You found it on level 2 of the Dungeon)

   rElec:     It insulates you from electricity.
Jewellery
 h - an amulet of faith (around neck)
Scrolls
 j - a scroll of identify
Potions
 a - a potion of heal wounds {unknown}
 e - a potion of magic {unknown}
 i - a potion of curing

Dungeon Overview and Level Annotations

Branches:
Dungeon (4/15)             Temple (1/1) D:4

Altars:
Ashenzari
Cheibriados
Dithmenos
Elyvilon
Fedhas
Gozag
Hepliaklqana
Kikubaaqudgha
Makhleb
Nemelex Xobeh
Okawaru
Qazlal
Ru
Sif Muna
Trog
Uskayaw
Vehumet
Wu Jian
Yredelemnul
Zin
The Shining One

Annotations:
D:4 1 runed translucent door, Robin; qw's ghost, amateur NaHu


Message History

You kill the hobgoblin!
Okawaru accepts your kill. The hobgoblin hits you.
The goblin hits you but does no damage.
Robin hits you from afar with a +0 trident.
You shoot an arrow. The arrow hits the goblin.
You kill the goblin!
The hobgoblin misses you. The goblin barely misses you.
Robin barely misses you.
You shoot an arrow. The arrow hits the hobgoblin.
The hobgoblin is heavily wounded.
You have got your breath back.
The hobgoblin hits you but does no damage.
The hobgoblin barely misses you. The goblin misses you.
Robin hits you from afar with a +0 trident.
3583 ||| INVOKING Spit Poison.
Aiming: Spit Poison (1% risk of failure)
Press: ? - help, Shift-Dir - straight line, f/p - hobgoblin The splash of poison hits the hobgoblin!
The hobgoblin is poisoned.
You kill the hobgoblin!
Okawaru accepts your kill. The hobgoblin barely misses you.
The goblin hits you but does no damage.
Robin hits you from afar with a +0 trident.
You shoot an arrow. The arrow closely misses the goblin.
The hobgoblin hits you. The goblin hits you with a +0 club.
Robin hits you from afar with a +0 trident.
The goblin hits you with a +1 dagger of freezing.
The goblin freezes you.
You shoot an arrow. The arrow hits the goblin.
You kill the goblin!
You have got your breath back.
The hobgoblin completely misses you. Robin barely misses you.
The goblin barely misses you.
3586 ||| INVOKING Spit Poison.
Aiming: Spit Poison (1% risk of failure)
Press: ? - help, Shift-Dir - straight line, f - goblin The splash of poison hits the goblin.
The goblin is poisoned.
The goblin is moderately wounded.
The goblin hits you with a +0 club. The hobgoblin closely misses you.
Robin misses you. The goblin hits you with a +0 club.
You die...

#.#......##.#. ##:###
#.#......#...)
......##.#......#....
#.#............#.... .
#...#...##.......... ...
#....#.#..#¤¤¤¤#(...
....#g#..#....#¤¤"¤#....
.....gg##....#....¤#....
.....gg@..>....%####....
....#.g#....##..# #....
# #...#....#..#.# ####.
###.#..#.#....# #.
#..##...#..## #. #..
.......# #. #.#####.#..#
#. #. .#.## #. ....


You could see Robin, 2 hobgoblins and 3 goblins.

Vanquished Creatures
  A bullfrog (D:4)
  3 gnolls (D:4)
  2 adders
  6 dart slugs
  7 orcs
  9 ball pythons
  4 bats
  8 endoplasms
  3 giant cockroaches
  13 goblins
  10 hobgoblins
  A jackal (D:3)
  6 quokkas
  2 frilled lizards
  12 kobolds
  6 rats
93 creatures vanquished.

Notes
Turn   | Place    | Note
-------+----------+-------------------------------------------
     0 | D:1      | qw the Naga Hunter began the quest for the Orb.
     0 | D:1      | Reached XP level 1. HP: 19/19 MP: 1/1
     0 | D:1      | 0 ||| qw: Version: 0.2-a-29-g511e9b1
     0 | D:1      | 0 ||| qw: Game counter: 5228
     0 | D:1      | 0 ||| qw: Always use a shield: true
     0 | D:1      | 0 ||| qw: God list: Okawaru
     0 | D:1      | 0 ||| qw: Allow faded altars: false
     0 | D:1      | 0 ||| qw: Do Orc after D:15 true
     0 | D:1      | 0 ||| qw: Do second Lair branch before Depths: true
     0 | D:1      | 0 ||| qw: Lair rune preference: random
     0 | D:1      | 0 ||| qw: Plans: Normal
     0 | D:1      | 0 ||| PLANNING D:1-11
    42 | D:1      | 42 ||| INVOKING Spit Poison.
    48 | D:1      | 48 ||| INVOKING Spit Poison.
    51 | D:1      | Reached skill level 4 in Ranged Weapons
    51 | D:1      | Reached XP level 2. HP: 19/26 MP: 2/2
   112 | D:1      | 112 ||| INVOKING Spit Poison.
   148 | D:1      | 148 ||| INVOKING Spit Poison.
   204 | D:1      | 204 ||| INVOKING Spit Poison.
   210 | D:1      | 210 ||| INVOKING Spit Poison.
   256 | D:1      | 256 ||| INVOKING Spit Poison.
   262 | D:1      | 262 ||| INVOKING Spit Poison.
   282 | D:1      | 282 ||| INVOKING Spit Poison.
   287 | D:1      | 287 ||| INVOKING Spit Poison.
   296 | D:1      | 296 ||| INVOKING Spit Poison.
   299 | D:1      | Found a faded altar of an unknown god.
   305 | D:1      | 305 ||| INVOKING Spit Poison.
   334 | D:1      | 334 ||| INVOKING Spit Poison.
   335 | D:1      | Reached XP level 3. HP: 32/32 MP: 3/3
   365 | D:1      | 365 ||| INVOKING Spit Poison.
   425 | D:1      | 425 ||| INVOKING Spit Poison.
   429 | D:1      | 429 ||| INVOKING Spit Poison.
   613 | D:1      | 613 ||| UPGRADING to scarf of repulsion.
   618 | D:1      | 618 ||| READING 2 scrolls labelled WAPUAD UCEVA.
   619 | D:1      | 619 ||| DROPPING scroll of vulnerability.
   620 | D:1      | 620 ||| DROPPING scroll of butterflies.
   704 | D:2      | 704 ||| INVOKING Spit Poison.
   999 | D:2      | 999 ||| INVOKING Spit Poison.
  1014 | D:2      | 1014 ||| INVOKING Spit Poison.
  1024 | D:2      | 1024 ||| INVOKING Spit Poison.
  1049 | D:2      | Identified the +0 robe of Valour {rElec}
  1345 | D:2      | 1345 ||| INVOKING Spit Poison.
  1452 | D:2      | 1452 ||| INVOKING Spit Poison.
  1525 | D:2      | 1525 ||| UPGRADING to +0 robe of Valour {rElec}.
  1535 | D:2      | 1535 ||| DROPPING +6 ring of intelligence.
  1536 | D:2      | 1536 ||| DRINKING 2 red potions.
  1601 | D:3      | 1601 ||| INVOKING Spit Poison.
  1605 | D:3      | 1605 ||| INVOKING Spit Poison.
  1665 | D:3      | 1665 ||| INVOKING Spit Poison.
  1668 | D:3      | Reached skill level 5 in Ranged Weapons
  1668 | D:3      | Reached XP level 4. HP: 39/39 MP: 4/4
  1680 | D:3      | 1680 ||| INVOKING Spit Poison.
  1712 | D:3      | 1712 ||| INVOKING Spit Poison.
  1719 | D:3      | 1719 ||| INVOKING Spit Poison.
  1726 | D:3      | 1726 ||| INVOKING Spit Poison.
  1790 | D:3      | 1790 ||| INVOKING Spit Poison.
  1914 | D:3      | 1914 ||| INVOKING Spit Poison.
  1923 | D:3      | 1923 ||| INVOKING Spit Poison.
  1927 | D:3      | 1927 ||| INVOKING Spit Poison.
  2024 | D:3      | 2024 ||| INVOKING Spit Poison.
  2067 | D:3      | 2067 ||| INVOKING Spit Poison.
  2254 | D:3      | 2254 ||| INVOKING Spit Poison.
  2299 | D:3      | 2299 ||| INVOKING Spit Poison.
  2343 | D:3      | 2343 ||| INVOKING Spit Poison.
  2375 | D:3      | 2375 ||| INVOKING Spit Poison.
  2454 | D:3      | 2454 ||| INVOKING Spit Poison.
  2459 | D:3      | 2459 ||| INVOKING Spit Poison.
  2460 | D:3      | Reached skill level 3 in Fighting
  2499 | D:3      | 2499 ||| INVOKING Spit Poison.
  2509 | D:3      | 2509 ||| UPGRADING to +0 helmet.
  2514 | D:3      | 2514 ||| UPGRADING to amulet of faith.
  2519 | D:3      | 2519 ||| READING scroll labelled GAODWU YNAAWY.
  2520 | D:3      | 2520 ||| READING scroll labelled MYMMUSUIWK.
  2521 | D:3      | 2521 ||| READING scroll labelled HYOWOV RAAB.
  2522 | D:3      | 2522 ||| READING scroll labelled QACYS NOUPP.
  2523 | D:3      | 2523 ||| READING scroll labelled HOZIRGH TAQA.
  2524 | D:3      | 2524 ||| DRINKING 2 coppery potions.
  2525 | D:3      | 2525 ||| DRINKING potion of curing.
  2525 | D:3      | 2525 ||| (to cure confusion)
  2526 | D:3      | 2526 ||| DROPPING potion of ambrosia.
  2583 | D:4      | 2583 ||| INVOKING Spit Poison.
  2589 | D:4      | 2589 ||| INVOKING Spit Poison.
  2592 | D:4      | 2592 ||| INVOKING Spit Poison.
  2594 | D:4      | Reached XP level 5. HP: 30/49 MP: 5/5
  2595 | D:4      | 2595 ||| INVOKING Spit Poison.
  2598 | D:4      | 2598 ||| INVOKING Spit Poison.
  2600 | D:4      | HP: 12/49 [dart slug (3)]
  2858 | D:4      | Found a runed translucent door.
  2858 | D:4      | Noticed qw's ghost (amateur NaHu)
  2859 | D:4      | 2859 ||| INVOKING Spit Poison.
  2897 | D:4      | 2897 ||| INVOKING Spit Poison.
  2904 | D:4      | 2904 ||| INVOKING Spit Poison.
  3048 | D:4      | 3048 ||| INVOKING Spit Poison.
  3192 | D:4      | 3192 ||| INVOKING Spit Poison.
  3195 | D:4      | 3195 ||| INVOKING Spit Poison.
  3202 | D:4      | 3202 ||| INVOKING Spit Poison.
  3230 | D:4      | 3230 ||| INVOKING Spit Poison.
  3238 | D:4      | 3238 ||| INVOKING Spit Poison.
  3244 | D:4      | 3244 ||| INVOKING Spit Poison.
  3245 | D:4      | Reached skill level 6 in Ranged Weapons
  3246 | D:4      | Found a staircase to the Ecumenical Temple.
  3247 | D:4      | 3247 ||| PLANNING TEMPLE
  3247 | D:4      | 3247 ||| DROPPING amulet of magic regeneration.
  3248 | D:4      | 3248 ||| READING scroll labelled HENNAI ZIKE.
  3257 | Temple   | Entered the Ecumenical Temple
  3272 | Temple   | 3272 ||| PLANNING OKAWARU WORSHIP
  3545 | Temple   | Became a worshipper of Warmaster Okawaru
  3546 | Temple   | 3546 ||| PLANNING D:1-11
  3568 | D:4      | 3568 ||| INVOKING Spit Poison.
  3570 | D:4      | Noticed Robin
  3574 | D:4      | 3574 ||| INVOKING Spit Poison.
  3576 | D:4      | Reached XP level 6. HP: 51/56 MP: 6/6
  3580 | D:4      | 3580 ||| INVOKING Spit Poison.
  3583 | D:4      | 3583 ||| INVOKING Spit Poison.
  3583 | D:4      | HP: 13/56 [Robin/+0 trident (4)]
  3584 | D:4      | HP: 6/56 [goblin/+1 dagger of freezing[Robin] (1)]
  3586 | D:4      | 3586 ||| INVOKING Spit Poison.
  3586 | D:4      | HP: 1/56 [goblin/+0 club[Robin] (5)]
  3586 | D:4      | Slain by a goblin

Levels and vault maps discovered:
D:1:      shiori_arrival_elements, layout_basic, shapermc_ecumenical_altar_venn
D:2:      layout_basic
D:3:      minmay_razor_zed, layout_basic
D:4:      layout_basic, minmay_temple_entry_mini_moons,
          hellmonk_ghost_happy_afterlife, uniq_robin
Temple:   regret_index_temple_sigil_plot

Skill      XL: |  1  2  3  4  5 |
---------------+----------------+-----
Ranged Weapons | 4 5 6 |  6.0
Fighting       | 3 |  3.2
Dodging        | |  1.5
Stealth        | |  1.5

Action                     |  1- 3 |  4- 6 || total
---------------------------+-------+-------++-------
   Fire: Shortbow          |    64 |    89 ||   153
Ability: Spit Poison       |    25 |    37 ||    62
    Use: Scroll            |     1 |     6 ||     7
         Potion            |     1 |     2 ||     3
 Armour: Leather armour    |     4 |       ||     4
         Robe              |     2 |    12 ||    14
  Dodge: Dodged            |     4 |    59 ||    63
         Repelled          |       |     2 ||     2

Table legend:
 A = Non-vault XP
 B = Vault XP
 C = Vault XP percentage of total XP
 D = Non-vault monster count
 E = Vault monster count
 F = Vault count percentage of total count
                 A         B        C        D         E       F
            +---------+---------+-------+---------+---------+-------
      Total |     280 |      47 |  14.4 |      74 |      19 |  20.4
            +---------+---------+-------+---------+---------+-------
        D:1 |      48 |       0 |   0.0 |      26 |       0 |   0.0
        D:2 |      30 |       0 |   0.0 |      10 |       0 |   0.0
        D:3 |      34 |      34 |  50.0 |      19 |      12 |  38.7
        D:4 |     168 |      13 |   7.2 |      19 |       7 |  26.9
            +---------+---------+-------+---------+---------+-------
